 Dungeon Crawl Stone Soup version 0.22-a0-565-gfc6459a (webtiles) character file.

79 Alabard the Skirmisher (level 4, 0/29 HPs)
             Began as a Gargoyle Monk on June 28, 2018.
             Slain by a gnoll
             ... wielding a +0 flail
              (6 damage)
             ... on level 2 of the Dungeon.
             The game lasted 00:04:12 (1743 turns).

Alabard the Skirmisher (Gargoyle Monk)              Turns: 1743, Time: 00:04:12

Health: 0/29       AC:  5    Str: 15    XL:     4   Next: 37%
Magic:  4/4        EV: 13    Int: 10    God:
Gold:   81         SH:  0    Dex: 13    Spells: 3/3 levels left

rFire    . . .     SeeInvis .   a - +0 mace
rCold    . . .     Gourm    .   (no shield)
rNeg     + . .     Faith    .   b - +0 robe
rPois    ∞         Spirit   .   (no helmet)
rElec    +         Reflect  .   (no cloak)
rCorr    .         Harm     .   (no gloves)
MR       .....                  (no boots)
Stlth    ++........             (no amulet)
HPRegen  0.09/turn              (no ring)
MPRegen  0.09/turn              (no ring)

@: no status effects
A: negative energy resistance 1, electricity resistance, unbreathing,
petrification resistance, rot immunity, AC +3
a: no special abilities


You were on level 2 of the Dungeon.
You were near starving.

You visited 1 branch of the dungeon, and saw 2 of its levels.

You collected 81 gold pieces.

Inventory:

Hand Weapons
 a - a +0 mace (weapon)
Armour
 b - a +0 robe (worn)
Scrolls
 d - 2 scrolls of identify {unknown}
 e - a scroll of enchant weapon {unknown}
 g - a scroll of enchant armour {unknown}
 h - 2 scrolls of fog
 k - a scroll of amnesia {unknown}
Potions
 f - 2 potions of flight {unknown}
 i - a potion of heal wounds {unknown}
Comestibles
 c - 3 rations


   Skills:
 + Level 4.0 Fighting
 + Level 3.6 Maces & Flails
 + Level 1.6 Armour
 + Level 2.9 Dodging
 - Level 2.2 Stealth


You had 3 spell levels left.
You didn't know any spells.
Your spell library was empty.

Dungeon Overview and Level Annotations

Branches:
Dungeon (2/15)

Altars:


Innate Abilities, Weirdness & Mutations

You are resistant to torment.
Your stone body is resilient. (AC +3)
You are immune to poison.
You resist negative energy. (rN+)
You are resistant to electric shocks. (rElec)
You can survive without breathing.
You are immune to petrification.
You are immune to rotting.


Message History

The gnoll closely misses you. The gnoll barely misses you.
The gnoll hits you but does no damage.
You see here a scale mail.
You hit the gnoll.
The gnoll is heavily wounded.
The gnoll barely misses you.
You barely miss the gnoll.
The gnoll is heavily wounded.
The gnoll misses you.
You barely miss the gnoll.
The gnoll is heavily wounded.
The gnoll hits you with a flail.
You hit the gnoll.
The gnoll is severely wounded.
The gnoll hits you with a flail!
* * * LOW HITPOINT WARNING * * *
You closely miss the gnoll.
The gnoll is severely wounded.
The gnoll hits you with a flail.
You die...

#.#. .# # #.#.#.#
.######.#...## .....#.#....
#......#.########
###.##..#..#..........
............gg...#
########.#.#g#...############
#......#@#..^...........#
###.##.###.#........#####.#
#........#.##.......# #.#
#.##.....#.###......# #.# #
#####.##.###......#####.#
#..........+...........[.
#.###....###...........##
#############......##
#.........#######.


You could see 3 gnolls.

Vanquished Creatures
  A hound (D:2)
  A gnoll (D:1)
  An ooze (D:2)
  2 dart slugs (D:1)
  3 leopard geckos
  2 ball pythons
  3 bats (D:1)
  3 giant cockroaches
  5 hobgoblins
  A frilled lizard (D:1)
  A goblin (D:1)
  6 rats
29 creatures vanquished.

Notes
Turn   | Place    | Note
-------+----------+-------------------------------------------
     0 | D:1      | Alabard the Gargoyle Monk began the quest for the Orb.
     0 | D:1      | Reached XP level 1. HP: 14/14 MP: 1/1
    36 | D:1      | Reached XP level 2. HP: 15/19 MP: 2/2
   424 | D:1      | Reached XP level 3. HP: 5/24 MP: 3/3
   691 | D:1      | Reached skill level 1 in Armour
  1293 | D:2      | Reached skill level 4 in Fighting
  1293 | D:2      | Reached XP level 4. HP: 21/29 MP: 4/4
  1743 | D:2      | Slain by a gnoll

Vault maps used:
D:1:      ebering_trefoil_3fold, hex_intersection

Skill      XL: |  1  2  3 |
---------------+----------+-----
Armour         | 1 |  1.6
Fighting       | 4 |  4.0
Maces & Flails | |  3.6
Dodging        | |  2.9
Stealth        | |  2.2

Action                   |  1- 3 |  4- 6 || total
-------------------------+-------+-------++-------
Melee: Mace              |    84 |    11 ||    95
  Use: Scroll            |     1 |       ||     1
 Stab: Sleeping          |     1 |       ||     1
  Eat: Chunk             |     1 |       ||     1
Armor: Robe              |    34 |     2 ||    36
Dodge: Dodged            |    76 |     9 ||    85

Table legend:
 A = Spawn XP
 B = Non-spawn XP
 C = Spawn XP percentage of total XP
 D = Spawn monster count
 E = Non-spawn monster count
 F = Spawn count percentage of total count
 G = Total turns spent on level
                    A         B        C        D         E        F      G
               +---------+---------+-------+---------+---------+-------+---------
         Total |       0 |     113 |   0.0 |       0 |      29 |   0.0 |  1743
               +---------+---------+-------+---------+---------+-------+---------
           D:1 |       0 |      53 |   0.0 |       0 |      21 |   0.0 |  1016
           D:2 |       0 |      60 |   0.0 |       0 |       8 |   0.0 |   727
               +---------+---------+-------+---------+---------+-------+---------
